 Dungeon Crawl Stone Soup version 0.31-a0-881-ge136f0c47a (webtiles) character file.

Game seed: 9152606756419040496

247 mortress the Changeling (level 6, -1/46 HPs)
             Began as a Merfolk Shapeshifter on Oct 15, 2023.
             Slain by an orc priest
             ... wielding a +0 falchion
              (2 damage)
             ... on level 3 of the Dungeon.
             The game lasted 00:09:31 (2041 turns).

mortress the Changeling (Merfolk Shapeshifter)      Turns: 2041, Time: 00:09:31

Health: -1/46      AC:  2    Str: 16    XL:     6   Next: 11%
Magic:  7/7        EV: 13    Int:  9    God:
Gold:   144        SH:  0    Dex: 14    Spells: 5/7 levels left

rFire   . .          .
                       - Unarmed
rCold   . . .        (no shield)
rNeg    . . .        a - +0 animal skin
rPois   .            (helmet currently unavailable)
rElec   .            (cloak currently unavailable)
rCorr   .            (gloves currently unavailable)
SInv    .            (boots currently unavailable)
Will    .....        (no amulet)
Stlth   ++           (no ring)
HPRegen 0.27/turn    (no ring)
MPRegen 0.10/turn

%: no passive effects
@: beast-form
A: beast (slay +2), (nimble swimmer 2), mertail
a: Begin Untransformation


You were on level 3 of the Dungeon.
You were a hulking beast.
You visited 1 branch of the dungeon, and saw 3 of its levels.

You collected 144 gold pieces.

Inventory:

Missiles
 f - 10 stones
Armour
 a - a +0 animal skin (worn)
 e - an orb of guile
 m - a +0 plate armour
Talismans
 c - a beast talisman (active)
 d - a flux talisman
Scrolls
 b - a scroll of brand weapon {unknown}
 g - a scroll of poison {unknown}
 i - 2 scrolls of enchant weapon {unknown}
 l - 3 scrolls of identify {unknown}
 o - 2 scrolls of revelation {unknown}
 q - a scroll of teleportation {unknown}
 r - a scroll of amnesia {unknown}
Potions
 h - a potion of degeneration {unknown}
 j - 2 potions of curing {unknown}
 k - a potion of heal wounds
 n - 2 potions of haste {unknown}
 p - a potion of resistance {unknown}


   Skills:
 + Level 2.7 Fighting
 + Level 4.1 Dodging
 + Level 2.6 Stealth
 + Level 4.1 Unarmed Combat
 + Level 1.1 Spellcasting
 + Level 1.6 Transmutations
 + Level 5.0 Shapeshifting


You had 5 spell levels left.
You knew the following spells:

 Your Spells              Type           Power      Damage    Failure   Level
a - Passwall              Tmut/Erth      0%         N/A       38%         2

Your spell library contained the following spells:

 Spells                   Type           Power      Damage    Failure   Level
 Magic Dart               Conj           0%         1d3       36%         1
 Sandblast                Erth           0%         2d4       36%         1
 Searing Ray              Conj           0%         2d4       50%         2
 Static Discharge         Conj/Air       0%         2-2/arc   50%         2
 Stone Arrow              Conj/Erth      0%         3d7       73%         3
 Airstrike                Air            0%         2d(0-16)  98%         4
 Brom's Barrelling Bould  Conj/Erth      0%         2d3       98%         4
 Fulminant Prism          Conj/Hex       0%         3d5       98%         4
 Summon Lightning Spire   Summ/Air       0%         N/A       98%         4


Dungeon Overview and Level Annotations

Branches:
Dungeon (3/15)

Altars:

Shops:
D:1 (


Innate Abilities, Weirdness & Mutations

You are a hulking beast.
Your limbs bulge with bestial killing power. (Slay +2)
((You are very nimble when in or above water. (Stealth+, EV+, Speed+++)))
Your lower body shifts to a powerful aquatic tail in water.


Message History

The orc is moderately wounded.
The orc misses you.
The orc priest calls upon Beogh to heal the orc.
The orc's wounds heal themselves!
The orc hits you with a +0 club.
You punch the orc!
You kill the orc!
The orc hits you with a +0 club.
You hit the orc priest but do no damage.
You hit the orc priest.
The orc priest is moderately wounded.
The orc priest mumbles some strange prayers to Beogh against you.
Beogh smites you! The orc closely misses you.
You punch the orc priest!
The orc priest is severely wounded.
The orc priest mumbles some strange prayers to Beogh against you.
Beogh smites you! The orc hits you with a +0 club.
You barely miss the orc priest.
The orc priest is severely wounded.
The orc barely misses you.
The orc priest calls down the wrath of Beogh upon you.
You barely resist. The orc hits you with a +0 club.
You hit the orc priest.
The orc priest is almost dead.
The orc hits you with a +0 falchion.
* * * LOW HITPOINT WARNING * * *
The orc priest hits you with a +0 falchion.
* * * LOW HITPOINT WARNING * * *
The orc hits you with a +0 club.
* * * LOW HITPOINT WARNING * * *
You feel much better. The orc hits you with a +0 falchion!
The orc priest invokes the aid of Beogh against you.
Pain shoots through your body!
* * * LOW HITPOINT WARNING * * *
The orc closely misses you.
You closely miss the orc priest.
The orc priest is almost dead.
The orc hits you with a +0 falchion!
* * * LOW HITPOINT WARNING * * *
The orc priest hits you with a +0 falchion.
You die...

### #.....# .# #..
#.....# .' #..#
#.....# .# ..##+
#.....# .# ....
#.....# .###..#
#.....##......#
#.......###...#
#..........#####..#
#..........hoS.....
#..........oo....##
#..............###
########.#.####...
#.#.# ## #.#?.
#.#### #.


You could see an orc priest, an adder and 2 orcs.

Vanquished Creatures
  Sigmund (D:3)
  A gnoll (D:1)
  2 adders (D:2)
  A worm (D:2)
  2 orcs (D:3)
  3 ball pythons
  5 endoplasms
  2 giant cockroaches
  6 goblins
  5 hobgoblins
  4 jackals (D:2)
  5 kobolds
  3 quokkas
  3 bats
  9 frilled lizards
  3 rats
55 creatures vanquished.

Notes
Turn   | Place    | Note
-------+----------+-------------------------------------------
     0 | D:1      | mortress the Merfolk Shapeshifter began the quest for the
                  | Orb.
     0 | D:1      | Reached XP level 1. HP: 15/15 MP: 1/1
    22 | D:1      | Found Huas's Weapon Emporium.
   138 | D:1      | Reached XP level 2. HP: 21/21 MP: 2/2
   552 | D:1      | Reached skill level 1 in Stealth
   552 | D:1      | Reached XP level 3. HP: 24/27 MP: 3/3
  1024 | D:2      | Reached XP level 4. HP: 26/33 MP: 4/4
  1687 | D:3      | Noticed Sigmund
  1692 | D:3      | Learned a level 2 spell: Passwall
  1750 | D:3      | Killed Sigmund
  1751 | D:3      | Reached skill level 1 in Spellcasting
  1751 | D:3      | Reached skill level 1 in Transmutations
  1751 | D:3      | Reached skill level 5 in Shapeshifting
  1751 | D:3      | Reached XP level 5. HP: 20/39 MP: 4/6
  1751 | D:3      | Reached XP level 6. HP: 23/46 MP: 4/7
  2041 | D:3      | HP: 1/46 [orc/+0 falchion (7)]
  2041 | D:3      | Slain by an orc priest

Illustrated notes

Levels and vault maps discovered:
D:1:      shiori_arrival_maze, layout_basic, serial_shops, shop
D:2:      minmay_chambers_of_ones, layout_loops_ring,
          amcnicky_mini_corridor_feature, minmay_lizard_pond
D:3:      layout_basic, shapermc_ecumenical_altar_mp_vishouse, feat_on_display,
          uniq_sigmund

Skill      XL: |  1  2  3  4 |
---------------+-------------+-----
Dodging        | 3 4 |  4.1
Stealth        | 1 2 |  2.6
Fighting       | 2 |  2.7
Unarmed Combat | 4 |  4.1
Spellcasting   | 1 |  1.1
Transmutations | 1 |  1.6
Shapeshifting  | 5 |  5.0

Action                     |  1- 3 |  4- 6 || total
---------------------------+-------+-------++-------
  Melee: Unarmed           |    91 |    75 ||   166
         Punch             |     1 |     4 ||     5
    Use: Potion            |     1 |     2 ||     3
   Stab: Sleeping          |     2 |     2 ||     4
 Armour: Animal skin       |    39 |    27 ||    66
         Skin              |     2 |       ||     2
  Dodge: Dodged            |    41 |    40 ||    81
         Form:             |     1 |       ||     1
         Beast             |     1 |       ||     1

Table legend: (Time is in decaauts)
 A = Elapsed time spent in this place.
 B = Non-inter-level travel time spent in this place.
 C = Inter-level travel time spent in this place.
 D = Time resting spent in this place.
 E = Time spent auto-exploring this place.
 F = Levels seen in this place.
 G = Mean time per level.
                   A        B        C        D        E       F      G
               +--------+--------+--------+--------+--------+-----+--------+
         Total |   2027 |   1964 |     63 |    102 |   1406 |   3 |  675.7 |
       Dungeon |   2027 |   1964 |     63 |    102 |   1406 |   3 |  675.7 |
               +--------+--------+--------+--------+--------+-----+--------+

Top non-repeatable levels by time:
     D:2: 1000 daAuts
     D:1: 588 daAuts
     D:3: 439 daAuts
